 Dungeon Crawl Stone Soup version 0.23-a0-370-gf497b7c (webtiles) character file.

19 iamserjio the Sneak (level 2, -2/11 HPs)
             Began as a Felid Wanderer on Oct 24, 2018.
             Slain by an adder (4 damage)
             ... on level 1 of the Dungeon.
             The game lasted 00:04:55 (1156 turns).

iamserjio the Sneak (Felid Wanderer)                Turns: 1156, Time: 00:04:55

Health: -2/11      AC:  1    Str:  9    XL:     2   Next: 55%
Magic:  4/4        EV: 17    Int: 14    God:
Gold:   59         SH:  0    Dex: 13    Spells: 0/3 levels left
                                        Lives:  0   Deaths: 0

rFire    . . .     SeeInvis +     - Unarmed
rCold    . . .     Gourm    .   (shield unavailable)
rNeg     . . .     Faith    .   (armour unavailable)
rPois    .         Spirit   .   (helmet unavailable)
rElec    .         Reflect  .   (cloak unavailable)
rCorr    .         Harm     .   (gloves unavailable)
MR       .....                  (boots unavailable)
Stlth    +++.......             (no amulet)
HPRegen  0.03/turn              (no ring)
MPRegen  0.09/turn              (no ring)

@: quick
A: very small, no armour, no weapons or thrown items, stealth, claws 1, fangs 3,
see invisible, carnivore, speed 1, shaggy fur 1, slow metabolism 1, sharp paws
a: no special abilities


You were on level 1 of the Dungeon.
You were very full.

You visited 1 branch of the dungeon, and saw 2 of its levels.

You collected 59 gold pieces.

Inventory:

Missiles
 e - 17 arrows
Jewellery
 g - a +2 ring of strength {unknown}
Scrolls
 a - a scroll of teleportation {unknown}
 b - a scroll of remove curse {unknown}
 c - a scroll of immolation {unknown}
 f - a scroll of blinking {unknown}
Comestibles
 d - 3 rations


   Skills:
 * Level 2.4 Dodging
 + Level 3.1 Stealth
 + Level 1.3 Unarmed Combat
 + Level 1.2 Spellcasting
 * Level 0.5 Hexes
 - Level 3.0 Necromancy
   Level 1.1 Transmutations
 + Level 0.0 Ice Magic
   Level 1.1 Evocations


You couldn't memorise any spells.
You knew the following spells:

 Your Spells              Type           Power        Failure   Level  Hunger
a - Pain                  Necr           #...         8%          1    ##.....
b - Ensorcelled Hibernat  Hex/Ice        #.....       34%         2    ###....

Your spell library contained the following spells:

 Spells                   Type           Power        Failure   Level  Hunger
 Animate Skeleton         Necr           N/A          8%          1    ##.....
 Vampiric Draining        Necr           #.........   22%         3    ####...
 Sticks to Snakes         Tmut           #.......     24%         2    ###....
 Passwall                 Tmut/Erth      #.......     30%         2    ###....
 Slow                     Hex            #.......     30%         2    ###....
 Regeneration             Chrm/Necr      #.........   38%         3    ####...
 Animate Dead             Necr           N/A          58%         4    #####..


Dungeon Overview and Level Annotations

Branches:
Dungeon (2/15)

Altars:
Ashenzari


Innate Abilities, Weirdness & Mutations

You cannot wear armour.
You are incapable of wielding weapons or throwing items.
Your paws allow you to move quietly. (Stealth)
You have sharp claws.
You have razor-sharp teeth.
You have supernaturally acute eyesight. (SInv)
You are carnivorous and can eat meat at any time.
You cover ground quickly.
You are covered in fur. (AC +1)
You have a slow metabolism.
Your sharp claws are effective at attacking unaware monsters.


Message History

There is a stone staircase leading down here.
The adder misses you.
You see here 13 bolts.
The adder barely misses you.
You see here 23 stones.
The adder misses you.
There is a stone staircase leading down here.
There is a stone staircase leading down here.
The adder misses you. The adder closely misses you.
There is a stone staircase leading down here.
The adder bites you.
* * * LOW HITPOINT WARNING * * *
You see here 23 stones.
You aren't carrying any potions.
Unknown command.
Okay, then.
There is a stone staircase leading down here.
The adder bites you.
You die...

........# #.# #.# #.# ######..##
#.# #(# #.# ######.#.## #.# #.#
#.# ...##.###.# #.# #.# #.#
##.###.#.## #.# ##.########.#
#..##..## ####.####...........#
##.##.######..[....#.##.########
#............##.##.#.##.#
##..##.#########@##.#.##.#
.......# #.S>...##.# ##..##.#
#..###.##.# ....##.# #..# #.##.#
.......# #..###.##.# .#...###
##......##.# ###..#
##...#.####.# #
#..#########.#.#.(# #.# #
#..............#..####.#


You could see an adder.

Vanquished Creatures
  4 leopard geckos
  2 giant cockroaches (D:1)
  2 goblins (D:1)
  3 kobolds (D:1)
  2 bats
  A frilled lizard (D:1)
14 creatures vanquished.

Notes
Turn   | Place    | Note
-------+----------+-------------------------------------------
     0 | D:1      | iamserjio the Felid Wanderer began the quest for the Orb.
     0 | D:1      | iamserjio set off with: a ration
     0 | D:1      | Reached XP level 1. HP: 7/7 MP: 3/3
     9 | D:1      | Learned a level 1 spell: Pain
   408 | D:1      | Reached XP level 2. HP: 11/11 MP: 4/4
   412 | D:1      | Learned a level 2 spell: Ensorcelled Hibernation
   938 | D:2      | Found a shattered altar of Ashenzari.
  1156 | D:1      | Slain by an adder

Vault maps used:
D:1:      dpeg_arrival_erosion
D:2:      minmay_roachtagon, old_standard_altar,
          amethyst_overflow_temple_binary, first_ration, evilmike_ruin_ashenzari

Skill      XL: |  1 |
---------------+----+-----
Dodging        | 2 |  2.4
Stealth        | 3 |  3.1
Unarmed Combat | |  1.3
Spellcasting   | |  1.2
Hexes          | |  0.5
Necromancy     | |  3.0
Transmutations | |  1.1
Evocations     | |  1.1

Action                   || total
-------------------------++-------
Melee: Unarmed           ||    24
       Bite              ||     2
 Cast: Pain              ||    14
 Stab: Sleeping          ||     6
  Eat: Chunk             ||     7
Armor: Skin              ||     2
Dodge: Dodged            ||    29

Table legend:
 A = Non-vault XP
 B = Vault XP
 C = Vault XP percentage of total XP
 D = Non-vault monster count
 E = Vault monster count
 F = Vault count percentage of total count
                 A         B        C        D         E       F
            +---------+---------+-------+---------+---------+-------
      Total |      28 |       0 |   0.0 |      14 |       0 |   0.0
            +---------+---------+-------+---------+---------+-------
        D:1 |      24 |       0 |   0.0 |      12 |       0 |   0.0
        D:2 |       4 |       0 |   0.0 |       2 |       0 |   0.0
            +---------+---------+-------+---------+---------+-------
